 Dungeon Crawl Stone Soup version 0.31-a0-325-g067879e3d3 (webtiles) character file.

Game seed: 14174568564964037244

1033 IndexError the Ruffian (level 8, -6/61 HPs)
             Began as a Red Draconian Shapeshifter on July 18, 2023.
             Mangled by an orc
             ... wielding a +1 hand axe of electrocution
              (20 damage)
             ... on level 6 of the Dungeon.
             The game lasted 00:08:57 (4598 turns).

IndexError the Ruffian (Red Draconian Shapeshifter) Turns: 4598, Time: 00:08:57

Health: -6/61      AC:  6    Str: 20    XL:     8   Next: 3%
Magic:  8/8        EV: 11    Int:  8    God:
Gold:   252        SH:  3    Dex: 12    Spells: 7/7 levels left

rFire   + . .        o - +4 whip
rCold   . . .        n - +0 buckler
rNeg    . . .        (body armour unavailable)
rPois   .            (helmet currently unavailable)
rElec   .            (cloak currently unavailable)
rCorr   .            (gloves currently unavailable)
SInv    .            (boots currently unavailable)
Will    .....        m - amulet of regeneration {+regen, !d}
Stlth   +            (no ring)
HPRegen 1.10/turn    (no ring)
MPRegen 0.11/turn

%: no passive effects
@: beast-form
A: beast (slay +3), breathe fire, AC +6, unfitting armour, fire resistance 1,
cold-blooded
a: Breathe Fire, Begin Untransformation


You were on level 6 of the Dungeon.
You were a hulking beast.
You visited 1 branch of the dungeon, and saw 6 of its levels.

You collected 252 gold pieces.

Inventory:

Hand Weapons
 o - a +4 whip (weapon)
   (You took it off a kobold on level 2 of the Dungeon)
Missiles
 h - 5 javelins
 y - 6 boomerangs
Armour
 n - a +0 buckler (worn)
   (You found it on level 1 of the Dungeon)
Jewellery
 m - an amulet of regeneration (around neck) {+regen, !d}
   (You found it on level 1 of the Dungeon)
Talismans
 b - a beast talisman
 q - a blade talisman
   (You found it on level 4 of the Dungeon)
Wands
 x - a wand of paralysis (5)
   (You found it on level 5 of the Dungeon)
Scrolls
 c - 3 scrolls of teleportation {unknown}
 d - 4 scrolls of enchant armour {unknown}
 f - a scroll of enchant weapon {unknown}
 g - 8 scrolls of identify {unknown}
 i - 2 scrolls of fog {unknown}
 j - 2 scrolls of vulnerability {unknown}
 k - 3 scrolls of noise {unknown}
 r - 2 scrolls of amnesia {unknown}
Potions
 a - 2 potions of lignification {!q}
 e - 3 potions of attraction {unknown}
 l - 4 potions of curing {unknown}
 p - 2 potions of heal wounds {unknown}
 s - 2 potions of brilliance {unknown}
 t - 2 potions of degeneration {unknown}
 u - a potion of berserk rage {unknown}
 v - a potion of magic {unknown}
 w - a potion of ambrosia {unknown}
 z - a potion of might {unknown}


   Skills:
 - Level 2.1 Fighting
 - Level 1.7 Dodging
 * Level 7.8 Unarmed Combat
 + Level 5.4 Shapeshifting


You had 7 spell levels left.
You didn't know any spells.
Your spell library contained the following spells:

 Spells                   Type           Power      Damage    Failure   Level
 Blink                    Tloc           0%         N/A       63%         2
 Lesser Beckoning         Tloc           0%         N/A       63%         2
 Momentum Strike          Conj/Tloc      0%         3d8       63%         2
 Dazzling Flash           Conj/Hex       0%         N/A       86%         3
 Volatile Blastmotes      Fire/Tloc      0%         2d10      86%         3
 Starburst                Conj/Fire      0%         6d3       100%        6
 Maxwell's Capacitive Co  Air            0%         ∞         100%        8
 Chain Lightning          Conj/Air       0%         N/A       100%        9
 Fire Storm               Conj/Fire      0%         5d1       100%        9
 Shatter                  Erth           0%         3d5*      100%        9


Dungeon Overview and Level Annotations

Branches:
Dungeon (6/15)
 Temple: D:4-7

Altars:
Ru

Shops:
D:2 [   D:6 !


Innate Abilities, Weirdness & Mutations

You are a hulking beast.
Your limbs bulge with bestial killing power. (Slay +3)
You can breathe blasts of fire.
Your fiery red scales are hard. (AC +6)
You cannot fit into any form of body armour.
Your flesh is heat resistant. (rF+)
You are cold-blooded and may be slowed by cold attacks.


Message History

You tail-slap the kobold, but do no damage.
You closely miss the kobold brigand. You whack the kobold brigand!
The kobold brigand closely misses you.
You regained 2 hp, and now have 45/55 hp.
You barely miss the kobold brigand.
The kobold brigand hits you with a +0 club.
You hit the kobold brigand.
The kobold brigand hits you with a +0 club.
You take 5 damage, and have 40/55 hp.
You closely miss the kobold brigand. You tail-slap the kobold brigand.
The kobold brigand hits you with a +0 club.
The kobold brigand closely misses you.
You take 5 damage, and have 35/55 hp.
You hit the kobold brigand.
Your tail-slap misses the kobold brigand.
You block the kobold brigand's attack.
You closely miss the kobold brigand.
Your tail-slap misses the kobold brigand.
The kobold brigand hits you with a +0 club.
You hit the kobold brigand.
The kobold brigand hits you with a +0 club!
You take 7 damage, and have 29/55 hp.
You are too injured to fight recklessly!
You are too injured to fight recklessly!
You are too injured to fight recklessly!
You whack the kobold brigand! You hit the kobold.
The kobold shouts!
The kobold barely misses you.
Items here: (( ))) ††.
The kobold misses you.
You hit the kobold.
You regained 2 hp, and now have 35/55 hp.
Things that are here:
a +0 whip; 2 stones HP restored.
An orc comes into view. It is wielding a +0 club.
The orc shouts!
You hear a shout!
An orc comes into view. It is wielding a +0 mace.
An orc priest comes into view. It is wielding a +0 club.
Health restored: 55 The orc hits you but does no damage.
You hit the orc. The orc misses you.
You whack the orc!
No target in view!
No target in view!
Things that are here:
a +0 club; an orc corpse An orc comes into view.
It is wielding a +0 hand axe.
The orc shouts!
An orc priest comes into view. It is wielding a +0 dagger.
You hit the orc. The orc closely misses you. x2
You closely miss the orc. The orc hits you but does no damage.
You whack the orc!
No target in view!
No target in view!
Things that are here:
a +0 hand axe; an orc corpse The orc priest shouts!
You hear a shout!
The orc priest calls down the wrath of Beogh upon you.
You struggle to resist.
The orc priest miscasts a cantrip.
You whack the orc priest! You tail-slap the orc priest!
You have reached level 8!
You feel stronger.
Health restored: 61; MP restored: 8 You hit the orc.
No target in view!
No target in view!
No target in view!
The orc priest shouts!
You hear a shout!
An orc comes into view.
It is wielding a +1 hand axe of electrocution.
The orc shouts!
A hound comes into view.
You closely miss the orc priest.
The orc priest hits you but does no damage.
You whack the orc priest! You tail-slap the orc priest.
The orc priest hits you but does no damage.
You barely miss the orc. The orc hits you but does no damage.
You are electrocuted!
You take 10 damage, and have 51/61 hp.
You whack the orc priest!
The orc hits you with a +1 hand axe of electrocution.
You barely miss the orc.
The orc hits you with a +1 hand axe of electrocution.
You are electrocuted!!
The hound bites you but does no damage.
You take 24 damage, and have 27/61 hp.
MASSIVE DAMAGE!!
You are too injured to fight recklessly!
You are too injured to fight recklessly!
You are too injured to fight recklessly!
You are too injured to fight recklessly!
You hit the hound. The hound barely misses you.
The orc hits you but does no damage.
You are electrocuted!
* * * LOW HITPOINT WARNING * * *
You take 12 damage, and have 15/61 hp.
You hit the hound.
Your tail-slap misses the hound.
You block the hound's attack.
The orc hits you with a +1 hand axe of electrocution.
* * * LOW HITPOINT WARNING * * *
You are electrocuted!!
You die...

#......#.##....#
#......#.#.....#
#........#.#)..#
#.#.##.###.#...#
#.#........#...)
#.###.#####.#..#)###
#.......#......#.###
...######.#.#.#...##....
......oh..#.#...........
......)h..#.#...#.......
..........#.)...........
.........####.....#.....
...........##)...##.....
.............#..........
.................##.....
...........#.....###.###
.......#.....# .#


You could see a hound and an orc.

Vanquished Creatures
  Sigmund (D:3)
  A black bear (D:4)
  An ogre (D:4)
  A kobold brigand (D:6)
  2 scorpions (D:4)
  A jelly (D:5)
  A howler monkey (D:5)
  4 orc priests
  An iguana (D:6)
  2 orc wizards (D:5)
  5 gnolls
  7 adders
  3 white imps
  An ufetubus (D:5)
  4 worms
  2 dart slugs (D:1)
  13 orcs
  5 endoplasms
  3 giant cockroaches
  10 hobgoblins
  2 jackals (D:1)
  12 kobolds
  5 quokkas
  4 ball pythons
  8 bats
  2 frilled lizards
  8 goblins
  4 rats
113 creatures vanquished.

Notes
Turn   | Place    | Note
-------+----------+-------------------------------------------
     0 | D:1      | IndexError the Draconian Shapeshifter began the quest for
                  | the Orb.
     0 | D:1      | Reached XP level 1. HP: 17/17 MP: 1/1
    87 | D:1      | Reached XP level 2. HP: 19/24 MP: 2/2
   318 | D:1      | Found a faded altar of an unknown god.
   434 | D:1      | Reached skill level 3 in Unarmed Combat
   568 | D:2      | Reached XP level 3. HP: 29/29 MP: 3/3
   904 | D:2      | Reached XP level 4. HP: 35/36 MP: 4/4
   988 | D:2      | Found Gosyeg's Antique Armour Boutique.
  1684 | D:3      | Reached skill level 4 in Unarmed Combat
  2091 | D:3      | Noticed Sigmund
  2103 | D:3      | Killed Sigmund
  2104 | D:3      | Reached skill level 5 in Unarmed Combat
  2104 | D:3      | Reached skill level 4 in Shapeshifting
  2104 | D:3      | Reached XP level 5. HP: 41/41 MP: 5/5
  2104 | D:3      | Reached XP level 6. HP: 48/48 MP: 6/6
  3145 | D:4      | Reached skill level 6 in Unarmed Combat
  3158 | D:4      | Your scales start taking on a fiery red colour.
  3158 | D:4      | Reached XP level 7. HP: 55/55 MP: 7/7
  3158 | D:4      | Gained mutation: Your flesh is heat resistant. (rF+) [Red
                  | Draconian growth]
  3259 | D:5      | Entered Level 5 of the Dungeon
  3406 | D:5      | Reached skill level 7 in Unarmed Combat
  3406 | D:5      | Reached skill level 5 in Shapeshifting
  3525 | D:5      | HP: 11/55 [gnoll/+0 halberd (5)]
  3817 | D:5      | Found a sacrificial altar of Ru.
  4430 | D:6      | Found Opsee's Distillery.
  4569 | D:6      | Reached XP level 8. HP: 61/61 MP: 8/8
  4597 | D:6      | HP: 15/61 [orc/+1 hand axe of electrocution (14)]
  4598 | D:6      | Mangled by an orc

Illustrated notes

Levels and vault maps discovered:
D:1:      wander_arrival_desolate, layout_rooms,
          hellmonk_ecumenical_altar_dog_temple, wad_floor_pattern_1
D:2:      layout_basic, serial_shops, shop
D:3:      layout_basic, uniq_sigmund
D:4:      minmay_diamond_boxcup, layout_loops_corners, dk_vineyard_3
D:5:      layout_basic, lemuel_round_altar, hangedman_decor_points,
          minmay_misc_feat_alley
D:6:      layout_basic, nzn_wu_jian_council_hall, serial_shops,
          nicolae_shop_tiny_statue_garden, nicolae_shop_bloodbath_and_beyond,
          kennysheep_generic_room_8

Skill      XL: |  1  2  3  4  5  6  7 |
---------------+----------------------+-----
Unarmed Combat | 3 5 6 7 |  7.8
Shapeshifting  | 4 5 |  5.4
Fighting       | |  2.1
Dodging        | |  1.7

Action                     |  1- 3 |  4- 6 |  7- 9 || total
---------------------------+-------+-------+-------++-------
  Melee: Unarmed           |    69 |       |       ||    69
         Tailslap          |    10 |     9 |    15 ||    34
         Punch             |     2 |       |       ||     2
         Whip              |    11 |   132 |    96 ||   239
Ability: Breathe Fire      |       |       |     1 ||     1
 Armour: Skin              |    22 |    34 |    29 ||    85
  Dodge: Dodged            |    32 |    61 |    56 ||   149
  Block: Buckler           |     1 |    17 |    12 ||    30
   Form: Blade             |       |     1 |       ||     1
         Beast             |       |     1 |       ||     1

Table legend: (Time is in decaauts)
 A = Elapsed time spent in this place.
 B = Non-inter-level travel time spent in this place.
 C = Inter-level travel time spent in this place.
 D = Time resting spent in this place.
 E = Time spent auto-exploring this place.
 F = Levels seen in this place.
 G = Mean time per level.
                   A        B        C        D        E       F      G
               +--------+--------+--------+--------+--------+-----+--------+
         Total |   4639 |   3971 |    668 |      7 |   3098 |   6 |  773.2 |
       Dungeon |   4639 |   3971 |    668 |      7 |   3098 |   6 |  773.2 |
               +--------+--------+--------+--------+--------+-----+--------+

Top non-repeatable levels by time:
     D:4: 1124 daAuts
     D:2: 921 daAuts
     D:5: 907 daAuts
     D:3: 782 daAuts
     D:1: 696 daAuts
     D:6: 206 daAuts

Levels and vault maps discovered:
D:1:      wander_arrival_desolate, layout_rooms,
          hellmonk_ecumenical_altar_dog_temple, wad_floor_pattern_1
D:2:      layout_basic, serial_shops, shop
D:3:      layout_basic, uniq_sigmund
D:4:      minmay_diamond_boxcup, layout_loops_corners, dk_vineyard_3
D:5:      layout_basic, lemuel_round_altar, hangedman_decor_points,
          minmay_misc_feat_alley
D:6:      layout_basic, nzn_wu_jian_council_hall, serial_shops,
          nicolae_shop_tiny_statue_garden, nicolae_shop_bloodbath_and_beyond,
          kennysheep_generic_room_8

Table legend: (Time is in decaauts)
 A = Elapsed time spent in this place.
 B = Non-inter-level travel time spent in this place.
 C = Inter-level travel time spent in this place.
 D = Time resting spent in this place.
 E = Time spent auto-exploring this place.
 F = Levels seen in this place.
 G = Mean time per level.
                   A        B        C        D        E       F      G
               +--------+--------+--------+--------+--------+-----+--------+
         Total |   4639 |   3971 |    668 |      7 |   3098 |   6 |  773.2 |
       Dungeon |   4639 |   3971 |    668 |      7 |   3098 |   6 |  773.2 |
               +--------+--------+--------+--------+--------+-----+--------+

Top non-repeatable levels by time:
     D:4: 1124 daAuts
     D:2: 921 daAuts
     D:5: 907 daAuts
     D:3: 782 daAuts
     D:1: 696 daAuts
     D:6: 206 daAuts

Table legend:
 A = Kills in this place as a percentage of kills in the entire game.
 B = Kills by you in this place as a percentage of kills by you in the entire game.
 C = Kills by friends in this place as a percentage of kills by friends in the entire game.
 D = Other kills in this place as a percentage of other kills in the entire game.
 E = Experience gained in this place as a percentage of experience gained in the entire game.
 F = Experience gained in this place divided by the number of levels of this place that you have seen.
                   A       B       C       D       E      F
               +-------+-------+-------+-------+-------+----------------------
         Total | 100.0 | 100.0 |   N/A |   N/A | 100.0 | 246.0
       Dungeon | 100.0 | 100.0 |   N/A |   N/A | 100.0 | 246.0
               +-------+-------+-------+-------+-------+----------------------
